Construct Section Command Post
Construct Platoon Command Post
Unlock M3 Stuart Light Tanks
Construct Field Infirmary
Selects Towed ML 4.2-inch Heavy Mortar
Unlock Bishop Self-propelled Artillery
Bishop Self-propelled Artillery
6-pounder Anti-tank Gun Team
Construct Company Command Post
Selects Off-map Airburst Barrage
6-pounder Anti-tank Gun Team
Selects Gurkha Rifles Section
Towed ML 4.2-inch Heavy Mortar
Selects Volunteer Infantry
Unlock M3 Grant Medium Tanks
Towed ML 4.2-inch Heavy Mortar
Selects Perimeter Monitor
Towed ML 4.2-inch Heavy Mortar
Selects Indian Artillery Battlegroup
Selects Indian Artillery Battlegroup